 Dungeon Crawl Stone Soup version 0.30-a0-634-g8abc85282e (webtiles) character file.

Game seed: 14642490117310722855

294 Vylera the Slasher (level 6, -4/66 HPs)
             Began as a Demonspawn Gladiator on Jan 15, 2023.
             Was a Believer of Ru.
             Slain by a small abomination (15 damage)
             ... on level 3 of the Dungeon.
             The game lasted 00:05:37 (2625 turns).

Vylera the Slasher (Demonspawn Gladiator)           Turns: 2625, Time: 00:05:37

Health: -4/66      AC: 23    Str: 17    XL:     6   Next: 11%
Magic:  6/6        EV:  2    Int: 10    God:    Ru [**....]
Gold:   158        SH:  0    Dex: 16    Spells: 5/5 levels left

rFire   . . .      SeeInvis .    t - +6 dagger of Chance {pain, Str+3}
rCold   . . .      Faith    .    (shield unavailable)
rNeg    . . .      Spirit   .    (body armour currently unavailable)
rPois   +          Reflect  .    (helmet currently unavailable)
rElec   .          Harm     .    (cloak currently unavailable)
rCorr   .          Rampage  .    (gloves currently unavailable)
Will    .....      NoTele   +    (boots currently unavailable)
Stlth   +                        (no amulet)
HPRegen 0.31/turn                (ring unavailable)
MPRegen 0.10/turn                (no ring)

@: tree-form
A: stationary, stasis, torment immunity, boosted hp, (spiny 2), missing a hand,
(sharp scales 1), (weakness stinger 1)
a: Renounce Religion


You were on level 3 of the Dungeon.
You worshipped Ru.
Ru was pleased with you.
You were a tree.
You visited 1 branch of the dungeon, and saw 3 of its levels.

You collected 158 gold pieces.

Inventory:

Hand Weapons
 a - a +0 long sword
 j - a +2 short sword of venom
 t - the +6 dagger of Chance (weapon) {pain, Str+3}
   (You found it on level 3 of the Dungeon)

   Str:       It affects your strength (+3).
Missiles
 d - 3 throwing nets (quivered)
 e - a javelin
 o - 5 poisoned darts
Armour
 b - a +0 leather armour (melded)
 c - a +0 helmet (melded)
 l - a +0 pair of boots (melded)
Scrolls
 g - 3 scrolls of fear {unknown}
 i - a scroll of noise {unknown}
 n - 3 scrolls of teleportation {unknown}
 p - 2 scrolls of identify {unknown}
Potions
 f - a potion of resistance {unknown}
 h - a potion of flight {unknown}
 k - 2 potions of heal wounds {unknown}
 m - 2 potions of lignification
 q - a potion of brilliance {unknown}
 r - a potion of curing {unknown}
 s - a potion of degeneration {unknown}


   Skills:
 - Level 2.0 Fighting
 * Level 6.1 Long Blades
 - Level 1.7 Throwing
 - Level 2.6 Dodging
 + Level 1.4 Necromancy


You had 5 spell levels left.
You didn't know any spells.
Your spell library contained the following spells:

 Spells                   Type           Power      Damage    Failure   Level
 Slow                     Hex            0%         N/A       36%         1
 Vampiric Draining        Necr           2%         2d6       54%         3
 Confusing Touch          Hex            0%         N/A       75%         3


Dungeon Overview and Level Annotations

Branches:
Dungeon (3/15)

Altars:
Qazlal
Ru
Xom

Portals:
Abyss: D:3

Annotations:
D:3 1 transporter


Innate Abilities, Weirdness & Mutations

You are a tree.
Your roots penetrate the ground, keeping you stationary.
You cannot be teleported.
You are immune to unholy pain and torment.
Your maximum health is greatly increased.
Your equipment is partially melded.
((You are mostly covered in sharp spines.))
You are missing a hand.
((You are partially covered in razor-sharp scales. (AC +1, Slay +1)))
((You have a small tail.))


Message History

Acebull12's ghost is heavily damaged.
You hit acebull12's ghost but do no damage.
You tail-slap acebull12's ghost, but do no damage.
Acebull12's ghost is heavily damaged.
Acebull12's ghost hits you.
You hit acebull12's ghost but do no damage.
Acebull12's ghost is heavily damaged.
The white imp disappears for a moment.
Acebull12's ghost is struck by your spines.
Acebull12's ghost barely misses you.
You hit acebull12's ghost.
Acebull12's ghost is severely damaged.
You redirect acebull12's ghost's attack!
Acebull12's ghost barely misses itself.
You completely miss acebull12's ghost.
Acebull12's ghost is severely damaged.
Acebull12's ghost ripples.
Acebull12's ghost is struck by your spines.
Acebull12's ghost hits you!
You hit acebull12's ghost but do no damage.
Acebull12's ghost is almost destroyed.
Acebull12's ghost hits you.
You hit acebull12's ghost.
You destroy acebull12's ghost!
Your Long Blades skill increases to level 6!
Your Necromancy skill increases to level 1!
You have reached level 6!
Your demonic ancestry asserts itself...
Sharp scales grow over part of your body.
You hit the small abomination.
The small abomination is lightly damaged.
The small abomination is struck by your spines.
The small abomination hits you!
* * * LOW HITPOINT WARNING * * *
It was a potion of lignification.
You turn into a tree.
Your +0 helmet melds into your body.
Your +0 pair of boots melds into your body.
Your +0 leather armour melds into your body.
Your roots penetrate the ground.
The small abomination hits you!
You die...

#..####...#..#©... #.#. #g#©....#
.........##..##.^.# #.. #.##....#
...#####[.....#...##.####..##...#
...# ###....##...:##.##..##..##
#### ##....##.#.#..##?##))..# #
#......#5..##..###..)... #
#......#x## #.........#. #
##....###x#####........##
###.....##♣#..$^#####....##
#######......##...###..##.##....#
.)...........#©^.##.#......#....#
.÷######.....##.##..###.####.....
..# #......###..(.####......##
..# #.......................##
..# ##......................##
..# ##........##..........####
########..........######.....####


You could see 2 small abominations and a white imp.

Vanquished Creatures
  The ghost of acebull12 the Trooper, an amateur DsFi (D:3)
  A phantom (D:3)
  A gnoll (D:1)
  5 adders
  2 worms
  2 dart slugs
  7 orcs (D:3)
  6 bats
  2 endoplasms
  2 giant cockroaches (D:3)
  6 goblins
  6 hobgoblins
  12 jackals
  3 quokkas (D:1)
  5 ball pythons
  A frilled lizard (D:1)
  3 kobolds
  5 rats
70 creatures vanquished.

Vanquished Creatures (others)
  A plant (D:2)
1 creature vanquished.

Grand Total: 71 creatures vanquished

Notes
Turn   | Place    | Note
-------+----------+-------------------------------------------
     0 | D:1      | Vylera the Demonspawn Gladiator began the quest for the
                  | Orb.
     0 | D:1      | Reached XP level 1. HP: 16/16 MP: 1/1
    33 | D:1      | Reached skill level 3 in Long Blades
   144 | D:1      | Gained mutation: You have a small tail. [demonic ancestry]
   144 | D:1      | Reached XP level 2. HP: 21/22 MP: 2/2
   516 | D:1      | Gained mutation: You are partially covered in sharp spines.
                  | [demonic ancestry]
   516 | D:1      | Reached XP level 3. HP: 18/27 MP: 3/3
   587 | D:1      | Reached skill level 4 in Long Blades
  1411 | D:2      | Gained mutation: You are mostly covered in sharp spines.
                  | [demonic ancestry]
  1411 | D:2      | Reached XP level 4. HP: 33/33 MP: 4/4
  1826 | D:2      | Found a faded altar of an unknown god.
  1837 | D:2      | Prayed at the altar of an unknown god.
  1837 | D:2      | Became a worshipper of Ru the Awakened
  1838 | D:2      | Gained mutation: You are missing a hand. [Ru sacrifice]
  1838 | D:2      | Reached * piety under Ru
  1838 | D:2      | Reached ** piety under Ru
  2131 | D:3      | Reached skill level 5 in Long Blades
  2132 | D:3      | Found a transporter.
  2134 | D:3      | Noticed a small abomination
  2144 | D:3      | Noticed a phantom
  2159 | D:3      | Killed a phantom
  2160 | D:3      | Reached XP level 5. HP: 20/38 MP: 5/5
  2279 | D:3      | Found a one-way gate to the infinite horrors of the Abyss.
  2279 | D:3      | Noticed acebull12's ghost (amateur DsFi)
  2305 | D:3      | Identified the +6 dagger of Chance {pain, Str+3}
  2408 | D:3      | Found a shimmering altar of Xom.
  2494 | D:3      | Found a transporter.
  2550 | D:3      | Found a stormy altar of Qazlal.
  2623 | D:3      | Killed acebull12's ghost
  2624 | D:3      | Reached skill level 6 in Long Blades
  2624 | D:3      | Reached skill level 1 in Necromancy
  2624 | D:3      | Gained mutation: You are partially covered in razor-sharp
                  | scales. (AC +1, Slay +1) [demonic ancestry]
  2624 | D:3      | Reached XP level 6. HP: 19/44 MP: 6/6
  2625 | D:3      | Slain by a small abomination

Illustrated notes

Levels and vault maps discovered:
D:1:      dpeg_arrival_lava_temple_mockup, layout_basic,
          minmay_tree_intersection
D:2:      layout_basic, shapermc_ecumenical_altar_petra
D:3:      layout_rooms, general_overflow_altar, nicolae_qazlal_eye_of_the_storm,
          gammafunk_ghost_abyssal_escape

Skill      XL: |  1  2  3  4  5 |
---------------+----------------+-----
Long Blades    | 3 4 5 6 |  6.1
Necromancy     | 1 |  1.4
Fighting       | |  2.0
Throwing       | |  1.7
Dodging        | |  2.6

Action                   |  1- 3 |  4- 6 || total
-------------------------+-------+-------++-------
Melee: Long sword        |    30 |       ||    30
       Short sword       |    48 |    53 ||   101
       Tailslap          |     8 |    13 ||    21
       Dagger            |       |    28 ||    28
Invok: Sacrifice a Hand  |       |     1 ||     1
  Use: Potion            |       |     1 ||     1
 Stab: Sleeping          |     1 |     1 ||     2
Armor: Leather armour    |    10 |    12 ||    22
Dodge: Dodged            |    54 |    26 ||    80

Table legend: (Time is in decaauts)
 A = Elapsed time spent in this place.
 B = Non-inter-level travel time spent in this place.
 C = Inter-level travel time spent in this place.
 D = Time resting spent in this place.
 E = Time spent auto-exploring this place.
 F = Levels seen in this place.
 G = Mean time per level.
                   A        B        C        D        E       F      G
               +--------+--------+--------+--------+--------+-----+--------+
         Total |   2613 |   2544 |     69 |      0 |   2099 |   3 |  871.0 |
       Dungeon |   2613 |   2544 |     69 |      0 |   2099 |   3 |  871.0 |
               +--------+--------+--------+--------+--------+-----+--------+

Top non-repeatable levels by time:
     D:1: 1125 daAuts
     D:2: 842 daAuts
     D:3: 645 daAuts
